TOP OF THE 1ST |
Colorado Billy Goats batting - Pitching for Las Vegas Flamingos : RHP Kagetoki Matsubara
|
Pitching: RHP Kagetoki Matsubara
|
|
Batting: LHB David de Meij
|
0-0: Ball 1-0: Ball 2-0: Ball 3-0: Base on Balls
|
Batting: RHB Matt Méndez
|
0-0: Ball 1-0: Ball 2-0: Foul Ball, location: 2F 2-1: Ball 3-1: Base on Balls David de Meij to second
|
Batting: LHB Ricardo Yates
|
0-0: Ball 1-0: Fielders Choice at 2nd, 4-6 (Groundball, 4, EV 88.8 MPH) David de Meij to third
|
Batting: LHB Ken Norris
|
0-0: Ball 1-0: Ball 2-0: Swinging Strike 2-1: Ball 3-1: Called Strike 3-2: Fly out, F4 (Popup, 4S, EV 75.6 MPH)
|
Batting: LHB Tim Gonzáles
|
0-0: Ball Wild Pitch! David de Meij scores Ricardo Yates to second 1-0: Foul Ball, location: 2F 1-1: Ball 2-1: Ball 3-1: Foul Ball, location: 2F 3-2: Strikes out swinging
|
Top of the 1st over - 1 run, 0 hits, 0 errors, 1 left on base; Colorado 1 - Las Vegas 0 |
BOTTOM OF THE 1ST |
Las Vegas Flamingos batting - Pitching for Colorado Billy Goats : RHP Sergio Gómez
|
Pitching: RHP Sergio Gómez
|
|
Batting: LHB Dirk Horwedel
|
0-0: Ball 1-0: Called Strike 1-1: Ground out 4-3 (Groundball, 4, EV 82.5 MPH)
|
Batting: LHB Cisco Hernández
|
0-0: Ball 1-0: Reached on error, E4 (Groundball, 4, EV 105.0 MPH)
|
Batting: LHB Chan-ho Shinn
|
0-0: Ball Cisco Hernández is caught stealing 2nd base 2-6 1-0: Called Strike 1-1: Ball 2-1: Ball 3-1: Foul Ball, location: 2F 3-2: Foul Ball, location: 2F 3-2: SINGLE (Groundball, 56D, EV 109.4 MPH)
|
Batting: LHB Lewis N. Clark
|
0-0: Ball 1-0: Called Strike 1-1: Called Strike 1-2: Strikes out swinging
|
Bottom of the 1st over - 0 runs, 1 hit, 1 error, 1 left on base; Colorado 1 - Las Vegas 0 |
TOP OF THE 2ND |
Colorado Billy Goats batting - Pitching for Las Vegas Flamingos : RHP Kagetoki Matsubara
|
Batting: RHB Zacarías Salazar
|
0-0: Ball 1-0: SINGLE (Line Drive, 78S, EV 110.0 MPH)
|
Batting: LHB Bill Stanton
|
0-0: Ball 1-0: Called Strike 1-1: Ball 2-1: Called Strike 2-2: Fly out, F5 (Popup, 6S, EV 75.6 MPH)
|
Batting: RHB Luis Rodríguez
|
0-0: Ball 1-0: DOUBLE (Line Drive, 5D, EV 96.9 MPH) Zacarías Salazar to third
|
Batting: SHB Raoul de Gilde
|
0-0: Called Strike 0-1: Ground out 2-3 (Groundball, 2R, EV 65.6 MPH)
|
Batting: LHB David de Meij
|
0-0: Called Strike 0-1: Foul Ball, location: 2F 0-2: Foul Ball, location: 2F 0-2: Ball 1-2: Ground out U3 (Groundball, 3, EV 105.6 MPH)
|
Top of the 2nd over - 0 runs, 2 hits, 0 errors, 2 left on base; Colorado 1 - Las Vegas 0 |
BOTTOM OF THE 2ND |
Las Vegas Flamingos batting - Pitching for Colorado Billy Goats : RHP Sergio Gómez
|
Batting: LHB Joo-Chan Park
|
0-0: Foul Ball, location: 2F 0-1: Ball 1-1: Ball 2-1: Ball 3-1: Ground out 4-3 (Groundball, 4M, EV 85.6 MPH)
|
Batting: RHB Samual Kingman
|
0-0: SINGLE (Line Drive, 9S, EV 101.2 MPH)
|
Batting: LHB Adrián Gómez
|
0-0: Called Strike 0-1: Foul Ball, location: 2F 0-2: DOUBLE (Line Drive, 78D, EV 104.4 MPH) Samual Kingman to third
|
Batting: RHB Sake van Arem
|
0-0: Ball 1-0: Ball Wild Pitch! Samual Kingman scores Adrián Gómez to third 2-0: Called Strike 2-1: Ball 3-1: SINGLE (Line Drive, 89S, EV 94.4 MPH) Adrián Gómez scores
|
Batting: RHB Esteban León
|
0-0: Ball 1-0: Ball 2-0: Called Strike 2-1: Foul Ball, location: 2F 2-2: Ball 3-2: Foul Ball, location: 2F 3-2: Fly out, F8 (Flyball, 8RD, EV 96.2 MPH)
|
Batting: LHB Dirk Horwedel
|
0-0: Ball 1-0: Ball 2-0: Swinging Strike 2-1: Ball 3-1: Called Strike 3-2: Strikes out swinging
|
Bottom of the 2nd over - 2 runs, 3 hits, 0 errors, 1 left on base; Colorado 1 - Las Vegas 2 |
TOP OF THE 3RD |
Colorado Billy Goats batting - Pitching for Las Vegas Flamingos : RHP Kagetoki Matsubara
|
Batting: RHB Matt Méndez
|
0-0: Swinging Strike 0-1: Foul Ball, location: 2F 0-2: SINGLE (Line Drive, 34D, EV 98.8 MPH)
|
Batting: LHB Ricardo Yates
|
0-0: Called Strike 0-1: Foul Ball, location: 2F 0-2: Strikes out swinging
|
Batting: LHB Ken Norris
|
0-0: Ball 1-0: Swinging Strike 1-1: SINGLE (Line Drive, 7S, EV 96.2 MPH) Matt Méndez to second
|
Batting: LHB Tim Gonzáles
|
0-0: Called Strike 0-1: Foul Ball, location: 2F 0-2: DOUBLE (Line Drive, 78D, EV 108.8 MPH) Matt Méndez scores Ken Norris to third
|
Batting: RHB Zacarías Salazar
|
0-0: Ground out 4-3 (Groundball, 4MD, EV 108.1 MPH) Ken Norris scores Tim Gonzáles to third
|
Batting: LHB Bill Stanton
|
0-0: Called Strike 0-1: Called Strike 0-2: Ball 1-2: Ground out U3 (Groundball, 34, EV 86.9 MPH)
|
Top of the 3rd over - 2 runs, 3 hits, 0 errors, 1 left on base; Colorado 3 - Las Vegas 2 |
BOTTOM OF THE 3RD |
Las Vegas Flamingos batting - Pitching for Colorado Billy Goats : RHP Sergio Gómez
|
Batting: LHB Cisco Hernández
|
0-0: Called Strike 0-1: Ball 1-1: Ball 2-1: Swinging Strike 2-2: Foul Ball, location: 2F 2-2: Ball 3-2: Strikes out swinging
|
Batting: LHB Chan-ho Shinn
|
0-0: Ball 1-0: Fly out, F7 (Flyball, 7LM, EV 83.1 MPH)
|
Batting: LHB Lewis N. Clark
|
0-0: Swinging Strike 0-1: Swinging Strike 0-2: Strikes out swinging
|
Bottom of the 3rd over - 0 runs, 0 hits, 0 errors, 0 left on base; Colorado 3 - Las Vegas 2 |
TOP OF THE 4TH |
Colorado Billy Goats batting - Pitching for Las Vegas Flamingos : RHP Kagetoki Matsubara
|
Batting: RHB Luis Rodríguez
|
0-0: Called Strike 0-1: Ball 1-1: Ball 2-1: Foul Ball, location: 2F 2-2: Strikes out swinging
|
Batting: SHB Raoul de Gilde
|
0-0: Swinging Strike 0-1: SINGLE (Line Drive, 6D, EV 98.1 MPH)
|
Batting: LHB David de Meij
|
0-0: Ball 1-0: Called Strike 1-1: Fielders Choice at 2nd, 3-6 (Groundball, 3S, EV 83.8 MPH)
|
Batting: RHB Matt Méndez
|
0-0: Ball 1-0: Called Strike 1-1: Ball 2-1: Called Strike David de Meij steals 2nd base 2-2: Foul Ball, location: 2F 2-2: Ball 3-2: Ground out 4-3 (Groundball, 4, EV 88.1 MPH)
|
Top of the 4th over - 0 runs, 1 hit, 0 errors, 1 left on base; Colorado 3 - Las Vegas 2 |
BOTTOM OF THE 4TH |
Las Vegas Flamingos batting - Pitching for Colorado Billy Goats : RHP Sergio Gómez
|
Batting: LHB Joo-Chan Park
|
0-0: Swinging Strike 0-1: SINGLE (Groundball, 4D, EV 98.1 MPH)
|
Batting: RHB Samual Kingman
|
0-0: Fly out, F9 (Flyball, 9LSF, EV 90.6 MPH)
|
Batting: LHB Adrián Gómez
|
0-0: Called Strike 0-1: Ball 1-1: Grounds into double play, 6-4-3 (Groundball, 6, EV 88.1 MPH)
|
Bottom of the 4th over - 0 runs, 1 hit, 0 errors, 0 left on base; Colorado 3 - Las Vegas 2 |
TOP OF THE 5TH |
Colorado Billy Goats batting - Pitching for Las Vegas Flamingos : RHP Kagetoki Matsubara
|
Batting: LHB Ricardo Yates
|
0-0: Ball 1-0: Foul Ball, location: 2F 1-1: Ball 2-1: SINGLE (Groundball, 34D, EV 100.6 MPH)
|
Batting: LHB Ken Norris
|
0-0: Ball 1-0: Ball 2-0: Foul Ball, location: 2F 2-1: Foul Ball, location: 2F 2-2: Ball 3-2: Fly out, F6 (Popup, 6MD, EV 50.6 MPH)
|
Batting: LHB Tim Gonzáles
|
0-0: Ball 1-0: Ball 2-0: Ball 3-0: Called Strike 3-1: Fly out, F8 (Line Drive, 8LD, EV 94.4 MPH)
|
Batting: RHB Zacarías Salazar
|
0-0: Ball 1-0: Ball 2-0: SINGLE (Groundball, 34D, EV 108.1 MPH) Ricardo Yates to second Runner from 2nd tries for 3rd, SAFE, throw by RF made to third
|
Batting: LHB Bill Stanton
|
0-0: Ball 1-0: Ball 2-0: Ground out 4-3 (Groundball, 4, EV 90.0 MPH)
|
Top of the 5th over - 0 runs, 2 hits, 0 errors, 2 left on base; Colorado 3 - Las Vegas 2 |
BOTTOM OF THE 5TH |
Las Vegas Flamingos batting - Pitching for Colorado Billy Goats : RHP Sergio Gómez
|
Batting: RHB Sake van Arem
|
0-0: Called Strike 0-1: Ball 1-1: Foul Ball, location: 2F 1-2: Strikes out swinging
|
Batting: RHB Esteban León
|
0-0: Ball 1-0: Fly out, F6 (Popup, 56, EV 70.6 MPH)
|
Batting: LHB Dirk Horwedel
|
0-0: Swinging Strike 0-1: Foul Ball, location: 2F 0-2: SINGLE (Groundball, 56D, EV 103.1 MPH)
|
Batting: LHB Cisco Hernández
|
0-0: Called Strike 0-1: Ball 1-1: Ball 2-1: Fielders Choice at 2nd, 6-4 (Groundball, 6, EV 78.1 MPH)
|
Bottom of the 5th over - 0 runs, 1 hit, 0 errors, 1 left on base; Colorado 3 - Las Vegas 2 |
TOP OF THE 6TH |
Colorado Billy Goats batting - Pitching for Las Vegas Flamingos : RHP Kagetoki Matsubara
|
Batting: RHB Luis Rodríguez
|
0-0: Ball 1-0: Swinging Strike 1-1: SINGLE (Groundball, 34D, EV 109.4 MPH)
|
Pitching: RHP Alain Arnaud
|
|
Batting: SHB Raoul de Gilde
|
0-0: Sac Bunt to 2R - play at first, batter safe! Luis Rodríguez to second
|
Batting: LHB David de Meij
|
0-0: Ball 1-0: Called Strike 1-1: Swinging Strike 1-2: Ball 2-2: Foul Ball, location: 2F 2-2: Foul Ball, location: 2F 2-2: SINGLE (Groundball, 4MD, EV 98.8 MPH) Luis Rodríguez to third Raoul de Gilde to second
|
Batting: RHB Matt Méndez
|
0-0: Ball Wild Pitch! Luis Rodríguez scores Raoul de Gilde to third David de Meij to second 1-0: Called Strike 1-1: SINGLE (Groundball, 6MD, EV 97.5 MPH) Raoul de Gilde scores David de Meij to third
|
Batting: LHB Ricardo Yates
|
0-0: Swinging Strike 0-1: Ball 1-1: Swinging Strike 1-2: Strikes out swinging
|
Batting: LHB Ken Norris
|
0-0: Fly out, F7 (Line Drive, 7D, EV 103.1 MPH) Runner from 3rd tags up, SCORES, no throw by LF
|
Batting: LHB Tim Gonzáles
|
0-0: Ball 1-0: Swinging Strike 1-1: Ball 2-1: Ball 3-1: Base on Balls Matt Méndez to second
|
Batting: RHB Zacarías Salazar
|
0-0: Ball 1-0: Foul Ball, location: 2F 1-1: Foul Ball, location: 2F 1-2: Ball 2-2: Ball 3-2: Foul Ball, location: 2F 3-2: Foul Ball, location: 2F 3-2: Foul Ball, location: 2F 3-2: Fly out, F7 (Line Drive, 7, EV 91.9 MPH)
|
Top of the 6th over - 3 runs, 4 hits, 0 errors, 2 left on base; Colorado 6 - Las Vegas 2 |
BOTTOM OF THE 6TH |
Las Vegas Flamingos batting - Pitching for Colorado Billy Goats : RHP Sergio Gómez
|
Batting: LHB Chan-ho Shinn
|
0-0: Swinging Strike 0-1: Swinging Strike 0-2: SINGLE (Groundball, 3S, EV 75.0 MPH) (infield hit)
|
Batting: LHB Lewis N. Clark
|
0-0: Called Strike 0-1: Called Strike 0-2: Ball 1-2: Ball 2-2: Strikes out swinging
|
Batting: LHB Joo-Chan Park
|
0-0: Ball 1-0: SINGLE (Groundball, 3, EV 85.0 MPH) (infield hit) Chan-ho Shinn to second
|
Batting: RHB Samual Kingman
|
0-0: Called Strike 0-1: Foul Ball, location: 2F 0-2: Strikes out looking
|
Batting: LHB Adrián Gómez
|
0-0: Fly out, F9 (Flyball, 89M, EV 84.4 MPH)
|
Bottom of the 6th over - 0 runs, 2 hits, 0 errors, 2 left on base; Colorado 6 - Las Vegas 2 |
TOP OF THE 7TH |
Colorado Billy Goats batting - Pitching for Las Vegas Flamingos : RHP Alain Arnaud
|
Batting: LHB Bill Stanton
|
0-0: Ball 1-0: Ball 2-0: Ball 3-0: Called Strike 3-1: Base on Balls
|
Batting: RHB Luis Rodríguez
|
0-0: Called Strike 0-1: Ball 1-1: Ball 2-1: Ball 3-1: Foul Ball, location: 2F 3-2: Fly out, F8 (Flyball, 8LM, EV 90.6 MPH)
|
Pitching: RHP Gilberto Pontojá
|
|
Batting: SHB Raoul de Gilde
|
0-0: Ball 1-0: Foul Ball, location: 2F 1-1: Called Strike 1-2: DOUBLE (Line Drive, 7LM, EV 85.6 MPH) Bill Stanton to third Runner from 3rd tries for Home, SAFE, no throw by LF
|
Batting: LHB David de Meij
|
0-0: Ball 1-0: Fly out, F9 (Flyball, 9S, EV 85.6 MPH)
|
Batting: RHB Matt Méndez
|
0-0: Ball 1-0: Called Strike 1-1: Foul Ball, location: 2F 1-2: Fly out, F8 (Line Drive, 8RM, EV 87.5 MPH)
|
Top of the 7th over - 1 run, 1 hit, 0 errors, 1 left on base; Colorado 7 - Las Vegas 2 |
BOTTOM OF THE 7TH |
Las Vegas Flamingos batting - Pitching for Colorado Billy Goats : RHP Sergio Gómez
|
Batting: RHB Sake van Arem
|
0-0: Ball 1-0: Called Strike 1-1: Ball 2-1: Foul Ball, location: 2F 2-2: DOUBLE (Line Drive, 9LM, EV 98.8 MPH)
|
Batting: RHB Esteban León
|
0-0: Fly out, F9 (Line Drive, 9, EV 111.9 MPH)
|
Batting: LHB Dirk Horwedel
|
0-0: Called Strike 0-1: Foul Ball, location: 2F 0-2: Ball 1-2: Strikes out swinging, 2-3 out at first.
|
Batting: LHB Cisco Hernández
|
0-0: Fly out, F9 (Flyball, 9S, EV 86.2 MPH)
|
Bottom of the 7th over - 0 runs, 1 hit, 0 errors, 1 left on base; Colorado 7 - Las Vegas 2 |
TOP OF THE 8TH |
Colorado Billy Goats batting - Pitching for Las Vegas Flamingos : RHP Gilberto Pontojá
|
Batting: LHB Ricardo Yates
|
0-0: Hit by Pitch
|
Batting: LHB Ken Norris
|
0-0: Ball 1-0: Grounds into double play, 4-6-3 (Groundball, 4, EV 90.0 MPH)
|
Batting: LHB Tim Gonzáles
|
0-0: Fly out, F8 (Flyball, 89D, EV 79.4 MPH)
|
Top of the 8th over - 0 runs, 0 hits, 0 errors, 0 left on base; Colorado 7 - Las Vegas 2 |
BOTTOM OF THE 8TH |
Las Vegas Flamingos batting - Pitching for Colorado Billy Goats : RHP Sergio Gómez
|
Batting: LHB Chan-ho Shinn
|
0-0: Fly out, F7 (Line Drive, 7D, EV 106.9 MPH)
|
Batting: LHB Lewis N. Clark
|
0-0: Fly out, F7 (Flyball, 7S, EV 83.8 MPH)
|
Batting: LHB Joo-Chan Park
|
0-0: Fly out, F9 (Flyball, 89D, EV 105.6 MPH)
|
Bottom of the 8th over - 0 runs, 0 hits, 0 errors, 0 left on base; Colorado 7 - Las Vegas 2 |
TOP OF THE 9TH |
Colorado Billy Goats batting - Pitching for Las Vegas Flamingos : RHP Gilberto Pontojá
|
Batting: RHB Zacarías Salazar
|
0-0: Ball 1-0: Ball 2-0: Called Strike 2-1: Ball 3-1: Base on Balls
|
Batting: LHB Bill Stanton
|
0-0: Ball 1-0: Foul Ball, location: 2F 1-1: Ball 2-1: Ball 3-1: Foul Ball, location: 2F 3-2: Base on Balls Zacarías Salazar to second
|
Batting: RHB Luis Rodríguez
|
0-0: Swinging Strike 0-1: Called Strike 0-2: Ball 1-2: SINGLE (Groundball, 34S, EV 86.2 MPH) (infield hit) Zacarías Salazar to third Bill Stanton to second
|
Batting: SHB Raoul de Gilde
|
0-0: Foul Ball, location: 2F 0-1: Swinging Strike 0-2: Foul Ball, location: 2F 0-2: Ball 1-2: DOUBLE (Flyball, 7LM, EV 89.4 MPH) Zacarías Salazar scores Bill Stanton scores Luis Rodríguez to third
|
Pinch Hitting: RHB Román Ramírez
|
0-0: Ball 1-0: Ball 2-0: Called Strike 2-1: SINGLE (Flyball, 9S, EV 88.8 MPH) Luis Rodríguez scores Raoul de Gilde to third
|
Batting: RHB Matt Méndez
|
0-0: Ball 1-0: Ball 2-0: Fielders Choice at 2nd, 6-4 (Groundball, 6, EV 88.8 MPH) Raoul de Gilde scores
|
Pinch Hitting: LHB António Casas
|
0-0: Ball 1-0: Ball 2-0: SINGLE (Groundball, 4MD, EV 108.1 MPH) Matt Méndez to second
|
Batting: LHB Ken Norris
|
0-0: Ball 1-0: Ball 2-0: Called Strike 2-1: Grounds into double play, U6-3 (Groundball, 4M, EV 103.1 MPH)
|
Top of the 9th over - 4 runs, 4 hits, 0 errors, 1 left on base; Colorado 11 - Las Vegas 2 |
BOTTOM OF THE 9TH |
Las Vegas Flamingos batting - Pitching for Colorado Billy Goats : RHP Sergio Gómez
|
Pitching: RHP Félix Aluonado
|
|
Now at 2B: Román Ramírez
|
|
Now in CF: António Casas
|
|
Batting: RHB Samual Kingman
|
0-0: Fly out, F8 (Flyball, 8RM, EV 87.5 MPH)
|
Pinch Hitting: RHB Benjamin Blunsdon
|
0-0: Ground out 6-3 (Groundball, 6, EV 90.0 MPH)
|
Batting: RHB Sake van Arem
|
0-0: Ball 1-0: Ball 2-0: Called Strike 2-1: TRIPLE (Line Drive, 7D, EV 108.1 MPH)
|
Pinch Hitting: RHB Eric Deweese
|
0-0: Called Strike 0-1: Foul Ball, location: 2F 0-2: DOUBLE (Line Drive, 9LM, EV 109.4 MPH) Sake van Arem scores
|
Batting: LHB Dirk Horwedel
|
0-0: Ball 1-0: Ball 2-0: Foul Ball, location: 2F 2-1: Fly out, F8 (Flyball, 8RXD, EV 100.0 MPH)
|
Bottom of the 9th over - 1 run, 2 hits, 0 errors, 1 left on base; Colorado 11 - Las Vegas 3 |
|